 Dungeon Crawl Stone Soup version 0.27-a0-1196-g3e9cee4cb2 (webtiles) character file.

Game seed: 571909123486359537

3770 Mesmaeker13 the Summoner (level 10, -2/50 HPs)
             Began as a Tengu Summoner on May 28, 2021.
             Was a Believer of Sif Muna.
             Killed from afar by Erica (20 damage)
             ... with a bolt of poison
             ... on level 10 of the Dungeon.
             The game lasted 00:24:07 (15698 turns).

Mesmaeker13 the Summoner (Tengu Summoner)          Turns: 15698, Time: 00:24:08

Health: -2/50      AC:  7    Str:  9 (10) XL:     10   Next: 16%
Magic:  12/21      EV: 17    Int: 20 (21) God:    Sif Muna [**....]
Gold:   714        SH: 10    Dex: 15      Spells: 10/23 levels left

rFire    + . .     SeeInvis .   y - +1 trident (freeze)
rCold    + + .     Faith    .   t - +0 buckler
rNeg     . . .     Spirit   .   G - +1 robe {rC+}
rPois    .         Reflect  +   (helmet restricted)
rElec    +         Harm     .   j - +1 cloak
rCorr    .         Rampage  .   M - +0 pair of gloves
Will     .....                  (boots unavailable)
Stlth    ++........             N - amulet of reflection
HPRegen  0.16/turn              v - ring of protection from cold
MPRegen  0.17/turn              d - ring of protection from fire

@: lethally poisoned (-2 -> -16), flying quickly and evasively, slowed, very
slow
A: beak, talons 3, nimble flight, clever 1, deterioration 1, shaggy fur 1,
electricity resistance, strong 1, MP-powered wands
a: Renounce Religion, Channel Magic


You were on level 10 of the Dungeon.
You worshipped Sif Muna.
Sif Muna was pleased with you.
You visited 2 branches of the dungeon, and saw 11 of its levels.
You also visited: Ossuary.

You collected 714 gold pieces.

Inventory:

Hand Weapons
 n - a +2 flail of holy wrath
 y - a +1 trident of freezing (weapon)
Missiles
 u - 3 boomerangs of dispersal
 H - a throwing net
 O - 3 curare-tipped darts
Armour
 j - a +1 cloak (worn)
 t - a +0 buckler (worn)
 G - a +1 robe of cold resistance (worn)
 M - a +0 pair of gloves (worn)
Jewellery
 d - a ring of protection from fire (right hand)
 g - a ring of ice
 v - a ring of protection from cold (left hand)
 K - a +6 ring of dexterity
 N - an amulet of reflection (around neck)
Wands
 a - a wand of digging (6)
 F - a wand of charming (3)
 J - a wand of acid (8)
Scrolls
 e - 3 scrolls of enchant armour
 f - 3 scrolls of teleportation {unknown}
 k - 3 scrolls of amnesia
 m - 2 scrolls of vulnerability {unknown}
 p - 5 scrolls of immolation
 q - 3 scrolls of magic mapping {unknown}
 r - 3 scrolls of enchant weapon
 D - 3 scrolls of noise
 I - a scroll of summoning
 L - a scroll of blinking {unknown}
 P - a scroll of silence {unknown}
Potions
 b - 2 potions of heal wounds
 c - a potion of invisibility
 h - 3 potions of attraction {unknown}
 i - 2 potions of degeneration {unknown}
 l - 3 potions of might
 o - 4 potions of curing
 s - a potion of mutation
 w - 2 potions of resistance
 x - a potion of magic {unknown}
 z - 2 potions of haste {unknown}
 A - 2 potions of berserk rage {unknown}
 B - a potion of ambrosia {unknown}
 C - a potion of flight {unknown}
 E - a potion of lignification {unknown}


   Skills:
 + Level 5.6 Dodging
 - Level 2.0 Stealth
 - Level 4.0 Shields
 + Level 7.1 Spellcasting
 + Level 10.2 Summonings
 + Level 8.9 Air Magic
 + Level 1.5 Poison Magic


You had 10 spell levels left.
You knew the following spells:

 Your Spells              Type           Power      Damage    Failure   Level
a - Summon Small Mammal   Summ           100%       N/A       1%          1
b - Call Imp              Summ           48%        N/A       1%          2
c - Call Canine Familiar  Summ           48%        N/A       1%          3
d - Summon Lightning Spi  Summ/Air       45%        N/A       1%          4
e - Mephitic Cloud        Conj/Pois/Air  21%        N/A       7%          3

Your spell library contained the following spells:

 Spells                   Type           Power      Damage    Failure   Level
 Summon Guardian Golem    Hex/Summ       27%        N/A       3%          3
 Magic Dart               Conj           28%        1d4       10%         1
 Summon Ice Beast         Ice/Summ       27%        N/A       12%         4
 Blink                    Tloc           N/A        N/A       14%         2
 Slow                     Hex            7%         N/A       14%         2
 Conjure Flame            Conj/Fire      7%         6-21      28%         3


Dungeon Overview and Level Annotations

Branches:
Dungeon (10/15)            Temple (1/1) D:5             Orc (0/2) D:9
Ossuary (visited)
   Lair: D:8-11

Altars:
Cheibriados
Dithmenos
Gozag
Makhleb
Sif Muna
Trog
Uskayaw
Wu Jian

Shops:
D:1 [

Annotations:
D:10 Erica


Innate Abilities, Weirdness & Mutations

You have a beak for a mouth.
You have claws for feet.
Your magical nature lets you fly swiftly and evasively.
Your mind is acute. (Int +2)
Your body sometimes deteriorates upon taking damage.
You are covered in fur. (AC +1)
You are resistant to electric shocks. (rElec)
Your muscles are strong. (Str +2)
You expend magic power (3 MP) to strengthen your wands.


Message History

Casting: Call Canine Familiar (safe; 1% risk of failure)
Confirm with . or Enter, or press ? or * to list all spells.
An electric hum fills the air.
Casting: Summon Lightning Spire (dangerous; 1% risk of failure)
Confirm with . or Enter, or press ? or * to list all spells.
Things that are here:
a +0 hand axe; a +0 plate armour You could not reach far enough!
Your wolf closely misses the orc warrior.
Your lightning spire shoots out a bolt of lightning at the orc warrior!
The bolt of electricity hits the orc warrior!
The orc warrior dies!
Sif Muna accepts your kill.
Your wolf seems to slow down.
Your wolf struggles to resist.
Something hits your wolf! Something burns your wolf.
Your wolf closely misses something.
Something barely misses your wolf.
Your wolf closely misses something.
Something barely misses your wolf.
Your wolf barely misses something.
Erica appears from thin air!
Reactivating autopickup.
Your wolf bites Erica!
Erica misses your wolf.
Your wolf bites Erica!
Erica looks angry.
Erica points at you and mumbles some strange words.
The bolt of poison hits your wolf!!
Your wolf dies!
Your wolf's corpse disappears in a puff of smoke!
The bolt of poison hits you!!
You are poisoned.
Ouch! That really hurt!
* * * LOW HITPOINT WARNING * * *
You feel very sick.
Erica points at herself and mumbles some strange words.
Erica flickers and vanishes!
Deactivating autopickup; reactivate with Ctrl-A.
You feel better.
You hear some strange, mumbled words.
A bolt of poison appears from out of thin air!
The bolt of poison hits you!!
You are poisoned.
You die...

##.##.##'# ##.#....#
######..)# ###+#
.....##)#### #...#
#........ #...#
###)..... +...#
#)..... #...######
#)8.... #..@).)ยง.##
#......
#.....##{.####).....
#..8..###...)').....
#.....# ######......
##'#### #......
#...### #..)...
###...# #......
###.# ####..# #.#
#####)#


You could see a friendly lightning spire (summoned).

Vanquished Creatures
  A yak (D:9)
  A wraith (D:9)
  A black bear (D:8)
  2 orc warriors
  2 centaurs
  A kobold brigand (D:9)
  A bullfrog (D:8)
  2 killer bees (D:9)
  A howler monkey (D:5)
  A bullfrog zombie (D:7)
  3 centaur zombies
  A hound (D:4)
  An iguana (D:5)
  2 orc wizards
  A howler monkey zombie (D:10)
  5 mummies (Ossuary)
  2 gnolls (D:8)
  An adder (D:5)
  A shadow imp (D:7)
  A dart slug (D:1)
  21 orcs
  7 endoplasms
  3 goblins
  3 hobgoblins
  3 quokkas
  4 bats
  A frilled lizard (D:3)
  A gnoll zombie (Ossuary)
  8 kobolds
  A kobold zombie (Ossuary)
  2 orc zombies (Ossuary)
  4 rats
89 creatures vanquished.

Vanquished Creatures (collateral kills)
  A troll (D:5)
  2 wraiths
  5 yaks (D:9)
  Sigmund (D:6)
  2 steam dragons
  Edmund (D:6)
  A naga (shapeshifter) (D:10)
  4 orc warriors
  An ice beast (D:6)
  3 sky beasts
  2 black bears
  3 ogres
  A centaur (D:9)
  2 kobold brigands
  A scorpion (D:5)
  2 gnoll sergeants
  A water moccasin skeleton (D:6)
  4 killer bees (D:9)
  An electric eel (D:10)
  6 orc priests
  A centaur zombie (D:9)
  2 bullfrog skeletons
  An iguana (D:3)
  8 orc wizards
  3 mummies (Ossuary)
  A howler monkey zombie (D:8)
  13 gnolls
  2 adders
  37 orcs
  2 ball pythons
  A bat (D:1)
  2 endoplasms
  3 goblins
  3 hobgoblins
  19 kobolds
  A quokka (D:1)
  2 hobgoblin zombies (Ossuary)
  A kobold zombie (Ossuary)
  An orc zombie (Ossuary)
  3 rats
150 creatures vanquished.

Vanquished Creatures (others)
  An orc (D:9)
  42 plants (D:10)
43 creatures vanquished.

Grand Total: 282 creatures vanquished

Notes
Turn   | Place    | Note
-------+----------+-------------------------------------------
     0 | D:1      | Mesmaeker13 the Tengu Summoner began the quest for the Orb.
     0 | D:1      | Reached XP level 1. HP: 10/10 MP: 4/4
     0 | D:1      | Found Muzxubb's Antique Armour Shoppe.
   582 | D:1      | Reached skill level 5 in Summonings
   876 | D:1      | Reached XP level 2. HP: 10/15 MP: 1/6
  1960 | D:2      | Learned a level 2 spell: Call Imp
  2126 | D:2      | Reached XP level 3. HP: 19/19 MP: 7/7
  2589 | D:2      | Found a faded altar of an unknown god.
  3145 | D:3      | Learned a level 3 spell: Call Canine Familiar
  3249 | D:3      | Reached XP level 4. HP: 22/24 MP: 5/9
  3918 | D:3      | Found a shadowy altar of Dithmenos.
  4674 | D:4      | Gained mutation: Your magical nature lets you fly swiftly
                  | and evasively. [Tengu growth]
  4674 | D:4      | Reached XP level 5. HP: 28/28 MP: 8/10
  4801 | D:4      | Found a faded altar of an unknown god.
  4801 | D:4      | Found a faded altar of an unknown god.
  5246 | D:4      | Learned a level 4 spell: Summon Lightning Spire
  5257 | D:4      | Reached skill level 6 in Summonings
  5747 | D:4      | Noticed a sky beast
  5762 | D:4      | Killed a sky beast
  5763 | D:4      | Reached skill level 1 in Air Magic
  5944 | D:4      | Found a hide-covered altar of Uskayaw.
  5946 | D:4      | Found a burning altar of Makhleb.
  5948 | D:4      | Found an opulent altar of Gozag.
  6071 | D:5      | Entered Level 5 of the Dungeon
  6092 | D:5      | Found a sand-covered staircase.
  6102 | Ossuary  | Entered an ossuary
  6175 | Ossuary  | Reached XP level 6. HP: 32/32 MP: 6/12
  7017 | D:5      | Reached XP level 7. HP: 7/36 MP: 6/14
  7760 | D:5      | Found a staircase to the Ecumenical Temple.
  7774 | Temple   | Entered the Ecumenical Temple
  7781 | Temple   | Became a worshipper of Sif Muna the Loreminder
  7966 | D:5      | Noticed a troll
  8126 | D:6      | Reached skill level 5 in Dodging
  8126 | D:6      | Reached skill level 7 in Summonings
  8766 | D:6      | Noticed Sigmund
  8938 | D:6      | Killed Sigmund
  8939 | D:6      | Reached skill level 1 in Shields
  9060 | D:6      | Reached XP level 8. HP: 36/41 MP: 8/15
  9454 | D:6      | Noticed Edmund
  9464 | D:6      | Killed Edmund
  9749 | D:6      | Found an ornate altar of the Wu Jian Council.
  9985 | D:7      | Reached skill level 5 in Air Magic
 10143 | D:7      | Reached skill level 5 in Spellcasting
 10323 | D:7      | Gained mutation: You are frail. (-10% HP) [potion of
                  | mutation]
 10323 | D:7      | Gained mutation: You expend magic power (3 MP) to
                  | strengthen your wands. [potion of mutation]
 10323 | D:7      | Gained mutation: You are covered in fur. (AC +1) [potion of
                  | mutation]
 10323 | D:7      | Gained mutation: You are resistant to electric shocks.
                  | (rElec) [potion of mutation]
 10534 | D:7      | Lost mutation: You are frail. (-10% HP) [potion of
                  | mutation]
 10534 | D:7      | Lost mutation: You expend magic power (3 MP) to strengthen
                  | your wands. [potion of mutation]
 10534 | D:7      | Gained mutation: Your mind is acute. (Int +2) [potion of
                  | mutation]
 10534 | D:7      | Gained mutation: Your muscles are strong. (Str +2) [potion
                  | of mutation]
 10534 | D:7      | Gained mutation: Your body sometimes deteriorates upon
                  | taking damage. [potion of mutation]
 10534 | D:7      | Gained mutation: You expend magic power (3 MP) to
                  | strengthen your wands. [potion of mutation]
 10594 | D:7      | Noticed a gargoyle
 10662 | D:5      | Killed a troll
 10891 | D:8      | Reached skill level 8 in Summonings
 11595 | D:8      | Found a bloodstained altar of Trog.
 12162 | D:8      | Reached XP level 9. HP: 45/45 MP: 7/18
 12237 | D:8      | Learned a level 3 spell: Mephitic Cloud
 12724 | D:9      | Reached * piety under Sif Muna
 12909 | D:9      | Found a staircase to the Orcish Mines.
 13496 | D:9      | Reached skill level 9 in Summonings
 13715 | D:9      | Reached ** piety under Sif Muna
 14616 | D:10     | Entered Level 10 of the Dungeon
 14638 | D:10     | Reached skill level 10 in Summonings
 14638 | D:10     | Reached XP level 10. HP: 47/50 MP: 18/21
 14930 | D:10     | Reached skill level 1 in Poison Magic
 15154 | D:10     | Noticed Erica
 15698 | D:10     | Killed from afar by Erica

Illustrated notes

Levels and vault maps discovered:
D:1:      tarquinn_simple_flora_water_c, layout_basic, serial_shops,
          nicolae_shop_trees, hangedman_feature_mirror, minmay_misc_feat_rugged
D:2:      minmay_angry_zag, layout_loops_corners,
          shapermc_ecumenical_altar_mp_urbaneastern
D:3:      layout_basic, pf_just_have_faith, grunt_decor_resistance,
          lemuel_another_geyser
D:4:      layout_layer_cave, chequers_temple_overflow_minitemple
D:5:      layout_loops_ring, minmay_temple_entry_statues,
          nicolae_ossuary_entry_monument, minmay_holes,
          kennysheep_generic_room_13
D:6:      layout_basic, nicolae_wu_jian_immortal_techniques,
          sigmund_edmund_badplayer
D:7:      layout_loops_corners, hangedman_decor_push
D:8:      layout_basic, trog_ov_bears_minmay
D:9:      layout_irregular_city, hiddenorc2_lemuel, enter_bailey_4
D:10:     layout_roguey, elyvilon_altar_1, special_room [special_room_orc],
          nrook_uturn, serial_bayou_lagoon_a, uniq_maurice, uniq_erica,
          uniq_erolcha
Temple:   regret_index_temple_waves

Skill      XL: |  1  2  3  4  5  6  7  8  9 10 |
---------------+-------------------------------+-----
Summonings     | 5 6 7 8 10 | 10.2
Dodging        | 3 4 5 |  5.6
Spellcasting   | 3 4 5 7 |  7.1
Air Magic      | 1 2 4 6 8 |  8.9
Shields        | 1 3 4 |  4.0
Poison Magic   | 1 |  1.5
Stealth        | |  2.0

Action                   |  1- 3 |  4- 6 |  7- 9 | 10-12 || total
-------------------------+-------+-------+-------+-------++-------
Melee: Short sword       |    24 |       |       |       ||    24
       Unarmed           |     5 |       |       |       ||     5
       Kick              |    10 |     9 |    25 |     4 ||    48
       Peck              |     4 |    11 |    15 |     1 ||    31
       Mace              |    14 |       |       |       ||    14
       Flail             |    18 |    60 |    14 |       ||    92
       Trident           |       |       |   146 |    25 ||   171
 Cast: Summon Small Mamm |    53 |       |       |       ||    53
       Call Imp          |     8 |    41 |    25 |     1 ||    75
       Call Canine Famil |       |     6 |    42 |     9 ||    57
       Summon Lightning  |       |       |    33 |     7 ||    40
       Mephitic Cloud    |       |       |     2 |       ||     2
Evoke: Wand              |       |     5 |     8 |     3 ||    16
  Use: Scroll            |     3 |     4 |     5 |       ||    12
       Potion            |       |       |     7 |     1 ||     8
 Stab: Sleeping          |     3 |       |     2 |     1 ||     6
       Distracted        |       |     1 |     4 |     1 ||     6
Armor: Robe              |    18 |    17 |    30 |     4 ||    69
Dodge: Dodged            |    56 |    67 |    94 |     8 ||   225
Block: Buckler           |       |       |    24 |    10 ||    34

Table legend: (Time is in decaauts)
 A = Elapsed time spent in this place.
 B = Non-inter-level travel time spent in this place.
 C = Inter-level travel time spent in this place.
 D = Time resting spent in this place.
 E = Time spent auto-exploring this place.
 F = Levels seen in this place.
 G = Mean time per level.
                   A        B        C        D        E       F      G
               +--------+--------+--------+--------+--------+-----+--------+
         Total |  15319 |  14910 |    409 |   4791 |   7509 |  12 | 1276.6 |
       Dungeon |  14595 |  14191 |    404 |   4376 |   7356 |  10 | 1459.5 |
        Temple |     13 |      8 |      5 |      0 |      4 |   1 |   13.0 |
       Ossuary |    709 |    709 |      0 |    414 |    148 |   1 |  709.0 |
               +--------+--------+--------+--------+--------+-----+--------+

Top non-repeatable levels by time:
     D:8: 2048 daAuts
     D:1: 1958 daAuts
     D:6: 1897 daAuts
     D:9: 1656 daAuts
     D:3: 1619 daAuts
     D:5: 1275 daAuts
     D:4: 1252 daAuts
     D:2: 1178 daAuts
    D:10: 946 daAuts
     D:7: 762 daAuts
 Ossuary: 709 daAuts
  Temple: 13 daAuts
